 Dungeon Crawl Stone Soup version 0.20.0-8-g6b59dc7 (webtiles) character file.

16079 Monsterracer the Cleaver (level 12, -3/106 HPs)
             Began as a Minotaur Abyssal Knight on May 31, 2017.
             Was a High Priest of Lugonu.
             Slain by a komodo dragon (19 damage)
             ... on level 1 of the Lair of Beasts.
             The game lasted 00:21:43 (11699 turns).

Monsterracer the Cleaver (Minotaur Abyssal Knight) Turns: 11699, Time: 00:21:43

Health: -3/106     AC: 18    Str: 21    XL:     12   Next: 6%
Magic:  16/16      EV: 13    Int:  9    God:    Lugonu [*****.]
Gold:   639        SH:  0    Dex: 16    Spells: 11/11 levels left

rFire    . . .     SeeInvis .   u - +0 battleaxe (curse)
rCold    . . .     Gourm    .   (shield currently unavailable)
rNeg     . . .     Faith    .   m - +1 chain mail
rPois    .         Spirit   .   (helmet restricted)
rElec    .         Reflect  .   l - +2 cloak
rCorr    .         Harm     .   s - +0 pair of gloves
MR       +....                  (no boots)
Stlth    ..........             (no amulet)
Regen    0.3/turn               e - +5 ring of strength
MPRegen  0.2/turn               j - ring of protection from magic

@: lethally poisoned (-3 -> -6)
A: retaliatory headbutt, hooves 2, horns 2, shaggy fur 1
a: Depart the Abyss, Bend Space, Banish, Corrupt, Enter the Abyss, Renounce
Religion


You were on level 1 of the Lair of Beasts.
You worshipped Lugonu.
Lugonu was extremely pleased with you.
You were not hungry.

You visited 3 branches of the dungeon, and saw 12 of its levels.
You visited the Abyss 1 time.

You collected 639 gold pieces.

Inventory:

Hand Weapons
 u - a cursed +0 battleaxe (weapon)
Armour
 l - a +2 cloak (worn)
 m - a +1 chain mail (worn)
 s - a +0 pair of gloves (worn)
 w - a +0 plate armour
Jewellery
 e - a +5 ring of strength (left hand)
 j - a ring of protection from magic (right hand)
 k - an uncursed ring of flight
 q - an uncursed ring of fire
Wands
 b - a wand of clouds (5/9)
Scrolls
 d - 13 scrolls of identify
 f - 3 scrolls of magic mapping
 g - 7 scrolls of teleportation
 n - 2 scrolls of remove curse
 r - 2 scrolls of immolation
 x - a scroll of enchant weapon
Potions
 h - 3 potions of curing
 p - a potion of mutation
 z - a potion of magic
Comestibles
 c - 13 bread rations
 o - 4 royal jellies
 t - a meat ration
 v - 7 fruits


   Skills:
 + Level 9.9 Fighting
 * Level 14.3 Axes
 + Level 9.8 Armour
 + Level 8.7 Dodging
 + Level 7.9 Invocations


You had 11 spell levels left.
You didn't know any spells.

Dungeon Overview and Level Annotations

Branches:
Dungeon (10/15)            Temple (0/1) D:6            Lair (1/6) D:10
    Orc (1/2) D:9

Altars:
Elyvilon
Fedhas
Gozag
Kikubaaqudgha
Makhleb
Nemelex Xobeh
Qazlal
Trog
Vehumet

Annotations:
Abyss:1 Nergalle


Innate Abilities, Weirdness & Mutations

You reflexively headbutt those who attack you in melee.
You have a pair of horns on your head.
You have hoof-like feet.
You are covered in fur. (AC +1)


Message History

You hit the komodo dragon but do no damage.
You feel sick.
The komodo dragon bites you but does no damage.
You slash the komodo dragon!
You kick the komodo dragon, but do no damage.
Your headbutt misses the komodo dragon.
The komodo dragon is moderately wounded.
You feel sick. The komodo dragon bites you!!
* * * LOW HITPOINT WARNING * * *
You barely miss the komodo dragon. Your kick misses the komodo dragon.
You headbutt the komodo dragon, but do no damage.
The komodo dragon is moderately wounded.
You feel sick. The komodo dragon bites you!!
* * * LOW HITPOINT WARNING * * *
You hit the komodo dragon.
You kick the komodo dragon, but do no damage.
Your headbutt misses the komodo dragon.
The komodo dragon is heavily wounded.
You feel sick. The komodo dragon bites you!!
You die...

...# #.. ....##
### #...
......##P##...#.
.......$.......#.
................##
.............P....
......%...........
.......@l.........
..................
#................#
.##...............
##..............
##.............
##............
#.............
#.............


You could see a komodo dragon.

Vanquished Creatures
  7 two-headed ogres
  A wizard (D:10)
  Pikel (D:8)
  Psyche (D:10)
  A spiny frog (Lair:1)
  2 hippogriffs
  A spriggan (D:10)
  Sigmund (D:2)
  3 wyverns
  17 yaks
  Grum (D:8)
  A hungry ghost (D:9)
  4 wargs (D:9)
  The ghost of Vajrapani the Chopper, an amateur TeWr (D:4)
  2 phantoms (D:8)
  2 wolves (D:8)
  A black bear (D:9)
  6 sky beasts
  An ogre (D:5)
  4 orc warriors
  3 centaurs
  4 crocodiles
  2 big kobolds (D:9)
  7 bullfrogs
  3 scorpions
  5 killer bees (D:10)
  6 howler monkeys
  2 crimson imps
  A bullfrog zombie (D:6)
  2 centaur zombies
  3 jellies
  9 hounds
  6 orc priests
  A centaur skeleton (D:5)
  Jessica (D:2)
  6 worker ants
  Terence (D:2)
  2 iguanas
  8 orc wizards
  A killer bee zombie (D:6)
  A hound zombie (D:7)
  3 worker ant zombies
  9 gnolls
  13 adders
  2 shadow imps
  An ooze (D:1)
  2 adder zombies
  2 adder skeletons
  4 worms
  2 dart slugs
  3 leopard geckos
  28 orcs
  3 giant cockroaches
  7 goblins
  6 hobgoblins
  15 jackals
  A quokka (D:9)
  13 bats
  2 frilled lizards
  17 kobolds
  2 quokka skeletons
  5 rats
272 creatures vanquished.

Vanquished Creatures (others)
  A hydra (D:7)
  A gargoyle (D:10)
  A slave (D:8)
  A fungus (D:10)
4 creatures vanquished.

Grand Total: 276 creatures vanquished

Notes
Turn   | Place    | Note
-------+----------+-------------------------------------------
     0 | Abyss:1  | Monsterracer the Minotaur Abyssal Knight began the quest for the Orb.
     0 | Abyss:1  | Reached XP level 1. HP: 19/19 MP: 1/1
    24 | D:1      | Escaped the Abyss
   168 | D:1      | Reached skill level 3 in Axes
   231 | D:1      | Reached XP level 2. HP: 13/26 MP: 2/2
   713 | D:1      | Reached skill level 4 in Axes
  1147 | D:1      | Reached XP level 3. HP: 31/31 MP: 3/3
  1192 | D:2      | Reached ** piety under Lugonu
  1195 | D:2      | Reached skill level 5 in Axes
  1263 | D:2      | Noticed Jessica
  1271 | D:2      | Killed Jessica
  1271 | D:2      | Reached XP level 4. HP: 14/39 MP: 4/4
  1470 | D:2      | Noticed Terence
  1485 | D:2      | Killed Terence
  1485 | D:2      | Reached skill level 6 in Axes
  1600 | D:2      | Reached XP level 5. HP: 45/45 MP: 5/5
  1618 | D:2      | Noticed Sigmund
  1631 | D:2      | Killed Sigmund
  1631 | D:2      | Reached skill level 7 in Axes
  1631 | D:2      | Reached XP level 6. HP: 39/51 MP: 6/6
  1717 | D:2      | Reached skill level 8 in Axes
  2199 | D:3      | Reached *** piety under Lugonu
  3153 | D:4      | Found an ancient bone altar of Kikubaaqudgha.
  3154 | D:4      | Found a stormy altar of Qazlal.
  3155 | D:4      | Found a blossoming altar of Fedhas.
  3164 | D:4      | Noticed Vajrapani's ghost (amateur TeWr)
  3175 | D:4      | Killed Vajrapani's ghost
  3175 | D:4      | Reached XP level 7. HP: 56/59 MP: 7/7
  3222 | D:4      | Found a sparkling altar of Nemelex Xobeh.
  3223 | D:4      | Found an opulent altar of Gozag.
  3381 | D:4      | Found a bloodstained altar of Trog.
  3500 | D:5      | Entered Level 5 of the Dungeon
  3835 | D:5      | Reached skill level 9 in Axes
  4022 | D:5      | Reached **** piety under Lugonu
  4210 | D:5      | Reached XP level 8. HP: 60/67 MP: 9/9
  4467 | D:6      | Found a radiant altar of Vehumet.
  4754 | D:6      | Reached skill level 5 in Fighting
  4894 | D:6      | Found a staircase to the Ecumenical Temple.
  5027 | D:7      | Noticed a seven-headed hydra
  5315 | D:7      | Noticed a two-headed ogre
  5332 | D:7      | Killed a two-headed ogre
  5332 | D:7      | Reached skill level 10 in Axes
  5332 | D:7      | Reached skill level 5 in Armour
  5332 | D:7      | Reached XP level 9. HP: 27/75 MP: 9/11
  5499 | D:8      | Noticed a two-headed ogre
  5523 | D:8      | HP: 1/75 [two-headed ogre/giant club (12)]
  5527 | D:8      | Noticed Grum
  5537 | D:8      | Killed Grum
  5543 | D:8      | Reached skill level 5 in Dodging
  5775 | D:8      | Reached skill level 11 in Axes
  5927 | D:8      | Killed a two-headed ogre
  5990 | D:8      | Reached skill level 5 in Invocations
  6198 | D:8      | Noticed a two-headed ogre
  6213 | D:8      | Killed a two-headed ogre
  6213 | D:8      | Reached XP level 10. HP: 39/86 MP: 11/13
  6228 | D:8      | Noticed a two-headed ogre
  6462 | D:7      | Banished a seven-headed hydra
  6462 | D:7      | Reached skill level 12 in Axes
  6599 | D:7      | Gained mutation: You have large cloven feet. [potion of mutation]
  6599 | D:7      | Gained mutation: You have hoof-like feet. [potion of mutation]
  6599 | D:7      | Gained mutation: You are covered in fur. (AC +1) [potion of mutation]
  6606 | D:7      | Found a white marble altar of Elyvilon.
  6672 | D:7      | Found a burning altar of Makhleb.
  7231 | D:8      | Noticed Pikel
  7247 | D:8      | Killed Pikel
  7319 | D:8      | Killed a two-headed ogre
  7821 | D:9      | Reached ***** piety under Lugonu
  7895 | D:9      | Reached skill level 13 in Axes
  8005 | D:9      | Reached XP level 11. HP: 76/95 MP: 14/14
  8301 | D:9      | Noticed a two-headed ogre
  8313 | D:9      | Killed a two-headed ogre
  8335 | D:9      | Noticed a two-headed ogre
  8368 | D:9      | Banished a two-headed ogre
  8714 | D:9      | Found a staircase to the Orcish Mines.
  9191 | D:10     | Entered Level 10 of the Dungeon
  9559 | D:10     | Noticed Psyche
  9572 | D:10     | Killed Psyche
  9721 | D:10     | Noticed a wizard
  9730 | D:10     | Killed a wizard
  9768 | D:10     | Noticed Nergalle
  9773 | D:10     | Banished Nergalle
  9773 | D:10     | Reached skill level 14 in Axes
  9899 | D:10     | Noticed a two-headed ogre
  9912 | D:10     | Killed a two-headed ogre
 10041 | D:10     | Noticed a two-headed ogre
 10052 | D:10     | Killed a two-headed ogre
 10441 | D:10     | Found a staircase to the Lair.
 10831 | D:10     | Reached XP level 12. HP: 17/106 MP: 16/16
 11346 | Orc:1    | Entered Level 1 of the Orcish Mines
 11681 | Lair:1   | Entered Level 1 of the Lair of Beasts
 11699 | Lair:1   | Slain by a komodo dragon

Skill      XL: |  1  2  3  4  5  6  7  8  9 10 11 |
---------------+----------------------------------+-----
Axes           | 3 4 5 6 7 8 9 10 11 13 14 | 14.3
Invocations    | 2 4 5 6 7 |  7.9
Armour         | 3 4 5 6 8 9 |  9.8
Fighting       | 4 5 7 8 9 |  9.9
Dodging        | 2 3 4 6 7 8 |  8.7

Action                   |  1- 3 |  4- 6 |  7- 9 | 10-12 || total
-------------------------+-------+-------+-------+-------++-------
Melee: Hand axe          |    53 |   153 |   279 |   566 ||  1051
       Headbutt          |    11 |    24 |    62 |   149 ||   246
       Kick              |       |       |       |   212 ||   212
       Battleaxe         |       |       |       |    16 ||    16
Invok: Banish            |       |       |       |     5 ||     5
  Use: Potion            |     2 |     1 |     6 |     5 ||    14
       Scroll            |       |     2 |     8 |     3 ||    13
 Stab: Invisible         |       |       |     2 |       ||     2
  Eat: Chunk             |     1 |     6 |    10 |    19 ||    36
       Fruit             |       |       |       |     1 ||     1
Armor: Leather armour    |    15 |     2 |       |       ||    17
       Chain mail        |       |    65 |   100 |   205 ||   370
Dodge: Dodged            |    33 |    59 |   103 |   227 ||   422
